Map: Automaton LE

Players

Lambo - Winner!

  • Race: Zerg Zerg
  • League: Master
  • Spawn Location: 3:00

Tatakae

  • Race: Zerg Zerg
  • League: Grandmaster
  • Spawn Location: 9:00

VOD

Have the link to the VOD?

Description

Time

  • Played on: Nov. 29, 2018, 7:50 a.m.
  • Length: 11:11
Show
View Real Time Build Order
Export as new Build Order

Lambo Zerg - Winner!

Build Orders: Hatch First, Zergling Baneling 

Get SALT Encoding   

  12  0:00  Drone  
  13  0:12  Overlord  
  13  0:17  Drone  
  14  0:31  Drone x2  
  16  0:49  Hatchery  
  15  0:52  Drone  
  15  0:56  Drone  
  17  1:01  Drone  
  18  1:12  Extractor  
  18  1:15  Spawning Pool  
  18  1:18  Drone  
  17  1:21  Drone  
  18  1:29  Drone  
  19  1:40  Drone  
  20  1:49  Overlord  
  20  2:02  Queen x2, Zergling x4  
  26  2:12  Metabolic Boost  
  26  2:13  Drone  
  26  2:14  Drone  
  28  2:24  Drone x2  
  30  2:38  Hatchery  
  29  2:46  Baneling Nest  
  29  2:48  Drone  
  29  2:49  Drone  
  30  2:53  Drone  
  30  2:55  Drone  
  32  2:59  Overlord  
  32  3:02  Drone  
  33  3:07  Drone  
  33  3:12  Zergling x6  
  35  3:16  Zergling x2  
  35  3:19  Zergling x4  
  38  3:24  Zergling x4  
  40  3:28  Overlord  
  40  3:36  Zergling x2  
  40  3:37  Overlord  
  40  3:41  Drone  
  42  3:42  Drone x2  
  42  3:47  Baneling x2  
  44  3:51  Baneling x4  
  44  3:53  Zergling x2  
  44  3:54  Drone  
  44  3:55  Drone x2  
  48  4:04  Queen, Zergling x2  
  49  4:13  Drone x4  
  49  4:16  Drone x3  
  56  4:21  Drone  
  56  4:23  Evolution Chamber  
  55  4:26  Drone  
  55  4:27  Drone  
  55  4:29  Extractor  
  55  4:30  Extractor, Drone x2  
  57  4:32  Drone  
  57  4:34  Baneling x2  
  57  4:36  Drone x2  
  60  4:40  Drone x2  
  60  4:44  Drone  
  63  4:48  Overlord  
  63  4:52  Overlord  
  63  4:55  Overlord  
  63  4:57  Drone  
  63  4:59  Drone  
  65  5:04  Drone  
  64  5:07  Baneling x2  
  64  5:14  Zerg Missile Weapons Level 1  
  64  5:15  Overlord  
  64  5:16  Roach Warren, Drone x6  
  69  5:22  Baneling x2  
  69  5:23  Drone x3  
  72  5:30  Drone x2  
  72  5:31  Lair  
  72  5:33  Extractor  
  72  5:34  Drone  
  74  5:35  Extractor  
  74  5:36  Extractor  
  74  5:39  Drone  
  74  5:40  Drone x2  
  75  5:45  Drone x3  
  75  5:49  Pneumatized Carapace, Drone x2  
  79  6:02  Hatchery  
  76  6:10  Roach  
  76  6:11  Roach x4  
  86  6:16  Roach x4  
  94  6:27  Roach  
  94  6:28  Overlord  
  94  6:32  Overseer  
  96  6:33  Overlord  
  96  6:36  Drone, Overlord  
  96  6:42  Overlord  
  96  6:44  Overlord  
  96  6:46  Baneling, Overlord  
  95  6:48  Overlord  
  95  6:51  Drone, Overlord  
  96  6:54  Glial Reconstitution  
  96  6:55  Roach x2, Evolution Chamber  
  96  6:56  Roach x3  
  96  6:58  Overlord  
  105  7:02  Roach x4  
  105  7:06  Roach  
  105  7:07  Roach  
  117  7:11  Zerg Missile Weapons Level 2  
  117  7:13  Ravager x4, Overlord  
  121  7:15  Overlord  
  121  7:17  Roach x3  
  121  7:18  Roach x2  
  131  7:23  Overlord  
  131  7:24  Roach x3  
  131  7:29  Zerg Ground Armor Level 1  
  137  7:35  Roach x4  
  145  7:41  Roach x4  
  153  7:46  Queen  
  153  7:47  Roach x2  
  153  7:48  Roach  
  161  7:55  Roach x4  
  169  8:03  Roach x4  
  177  8:12  Roach x4  
  185  8:18  Roach x3  
  191  8:25  Roach x5  
  191  8:26  Overlord  
  199  8:31  Tunneling Claws, Overlord  
  199  8:32  Burrow  
  197  8:44  Overlord  
  197  8:46  Overlord  
  197  8:49  Overseer  
  197  8:50  Spine Crawler  
  197  8:53  Roach x2  
  188  8:58  Roach x7  
  189  9:04  Roach x4  
  188  9:14  Roach x5  
  188  9:15  Ravager  
  188  9:16  Ravager  
  197  9:21  Roach  
  197  9:22  Roach  
  197  9:24  Overseer  
  185  9:32  Roach x4  
  185  9:38  Roach x2  
  171  9:44  Roach x3  
  164  9:46  Roach x32  
  164  9:47  Roach  
  166  9:55  Roach x4  
  174  10:04  Roach  
  174  10:05  Roach x3  
  182  10:08  Roach  
  184  10:16  Roach x4  
  184  10:19  Roach  
  194  10:22  Ravager x3  
  194  10:23  Roach  
  199  10:44  Overlord  
  199  10:49  Roach x3  
Show
View Real Time Build Order
Export as new Build Order

Tatakae Zerg 

Build Orders: Hatch First 

Get SALT Encoding   

  12  0:00  Drone  
  13  0:12  Overlord  
  13  0:17  Drone  
  14  0:30  Drone x2  
  16  0:50  Hatchery  
  16  0:53  Drone  
  16  0:56  Drone  
  17  1:00  Drone  
  18  1:11  Extractor  
  17  1:15  Spawning Pool  
  16  1:18  Drone  
  16  1:22  Drone  
  18  1:30  Drone  
  19  1:39  Drone  
  20  1:52  Overlord  
  20  2:02  Queen x2  
  20  2:04  Drone x2  
  26  2:11  Drone, Metabolic Boost  
  27  2:16  Drone  
  27  2:21  Drone  
  29  2:23  Drone  
  30  2:34  Zergling x4  
  32  2:41  Hatchery  
  31  2:46  Overlord  
  31  2:54  Baneling Nest, Drone  
  31  3:04  Drone  
  32  3:08  Drone  
  32  3:11  Drone x5  
  37  3:13  Drone  
  37  3:14  Drone  
  37  3:19  Overlord  
  39  3:26  Queen  
  41  3:28  Zergling x2  
  41  3:30  Zergling x2  
  41  3:33  Zergling x2  
  44  3:37  Baneling x2  
  44  3:39  Evolution Chamber  
  44  3:40  Zergling x2  
  44  3:42  Zergling x4  
  44  3:45  Zergling x4  
  48  3:49  Baneling x2  
  48  3:51  Overlord  
  48  3:55  Baneling x2  
  48  3:58  Zergling x4  
  50  4:03  Drone x3  
  52  4:10  Drone x3  
  52  4:16  Overlord  
  54  4:19  Drone  
  54  4:22  Drone  
  54  4:24  Extractor  
  55  4:25  Extractor, Drone x3  
  55  4:27  Zerg Missile Weapons Level 1  
  57  4:36  Drone x3  
  59  4:38  Drone x2  
  59  4:42  Overlord  
  59  4:45  Drone x3  
  64  4:52  Roach Warren  
  62  4:56  Drone x2  
  63  5:05  Drone x7  
  68  5:08  Lair  
  68  5:12  Zergling x2  
  68  5:14  Pneumatized Carapace  
  69  5:16  Zergling x6  
  69  5:20  Drone x3  
  75  5:24  Extractor  
  75  5:25  Extractor  
  75  5:27  Drone x2  
  75  5:31  Drone  
  76  5:35  Overlord  
  76  5:37  Extractor  
  75  5:43  Hatchery  
  75  5:44  Drone x8  
  79  5:52  Overlord x2  
  79  5:58  Drone x3  
  80  6:06  Overlord  
  80  6:07  Overlord x2  
  80  6:08  Glial Reconstitution  
  80  6:10  Drone  
  81  6:11  Evolution Chamber  
  81  6:15  Roach x2  
  81  6:16  Roach x3  
  81  6:17  Overseer  
  90  6:22  Zerg Missile Weapons Level 2  
  90  6:24  Roach x2  
  94  6:29  Roach x3  
  100  6:34  Roach x3  
  106  6:41  Overlord  
  106  6:42  Roach x3  
  111  6:47  Zerg Ground Armor Level 1  
  111  6:52  Roach  
  111  6:53  Roach x4  
  121  6:59  Roach x3  
  127  7:06  Roach x4  
  135  7:09  Burrow  
  135  7:12  Extractor  
  134  7:16  Roach x2  
  134  7:17  Roach  
  140  7:22  Overlord  
  140  7:23  Overlord x2  
  140  7:26  Tunneling Claws, Overseer  
  140  7:31  Roach  
  142  7:44  Roach x11  
  142  7:46  Ravager x3  
  142  7:47  Overlord  
  167  8:02  Spore Crawler  
  167  8:05  Overlord x2  
  166  8:07  Ravager, Roach  
  166  8:08  Roach x3  
  175  8:17  Roach  
  175  8:18  Roach  
  175  8:24  Roach x11  
  191  8:30  Drone  
  191  8:31  Overlord  
  191  8:32  Overlord  
  192  8:34  Infestation Pit  
  192  8:38  Roach, Drone  
  192  8:39  Roach x2  
  192  8:40  Roach  
  192  8:47  Queen  
  186  8:49  Drone, Overlord  
  186  8:50  Drone x3  
  186  8:56  Roach x7  
  200  9:03  Roach  
  200  9:10  Roach  
  200  9:15  Overseer  
  195  9:20  Roach x3  
  181  9:31  Roach  
  181  9:32  Roach x7  
  181  9:36  Roach x5  
  178  9:42  Roach x2, Drone x4  
  148  9:49  Roach x5  
  148  9:52  Ravager x3  
  155  9:56  Roach x2  
  155  9:57  Ravager x3  
  155  9:59  Ravager, Roach  
  165  10:02  Roach  
  167  10:07  Roach x3  
  167  10:12  Roach  
  167  10:13  Roach x2  
  179  10:20  Roach  
  179  10:21  Roach x3  
  186  10:29  Roach x5  
  196  10:36  Drone x6  
  196  10:37  Drone x8  
  196  10:42  Roach x3  
Tags
 
Add a new tag
Caveats
  • Supply blocks, unpowered buildings, or Contaminate may cause inaccurate times.
  • Supply counts are checked every 10 seconds.